 Dungeon Crawl Stone Soup version 0.27-a0-1147-gb3d8e82157 (webtiles) character file.

Game seed: 9843653627605053253

42 Froggeryz the Cudgeller (level 3, -2/29 HPs)
             Began as a Demonspawn Chaos Knight on May 11, 2021.
             Was a Plaything of Xom.
             Succumbed to a killer bee's poison
             ... on level 2 of the Dungeon.
             The game lasted 00:02:30 (1746 turns).

Froggeryz the Cudgeller (Demonspawn Chaos Knight)   Turns: 1746, Time: 00:02:31

Health: -2/29      AC:  5    Str: 13    XL:     3   Next: 33%
Magic:  3/3        EV: 10    Int: 13    God:    Xom [.*....]
Gold:   44         SH:  3    Dex: 12    Spells: 2/2 levels left

rFire    . . .     SeeInvis .   a - +0 mace (chaos)
rCold    . . .     Faith    .   d - +0 buckler
rNeg     . . .     Spirit   .   b - +2 leather armour
rPois    .         Reflect  .   (helmet restricted)
rElec    .         Harm     .   (no cloak)
rCorr    .         Rampage  .   (no gloves)
Will     .....                  (no boots)
Stlth    +.........             (no amulet)
HPRegen  0.09/turn              (no ring)
MPRegen  0.16/turn              (no ring)

@: mighty, lethally poisoned (-2 -> -19)
A: antennae 1, magic regeneration
a: Renounce Religion


You were on level 2 of the Dungeon.
You worshipped Xom.
You were a plaything of Xom.
You visited 1 branch of the dungeon, and saw 2 of its levels.

You collected 90 gold pieces.
You spent 46 gold pieces at shops.

Inventory:

Hand Weapons
 a - a +0 mace of chaos (weapon)
Missiles
 g - 5 curare-tipped darts (quivered)
Armour
 b - a +2 leather armour (worn)
 d - a +0 buckler (worn)
Scrolls
 c - a scroll of noise {unknown}
 h - a scroll of acquirement {unknown}
Potions
 e - a potion of curing {unknown}
 f - a potion of might


   Skills:
 - Level 3.0 Fighting
 * Level 3.8 Maces & Flails
 - Level 1.7 Armour
 - Level 0.8 Dodging
 + Level 1.0 Shields


You had 2 spell levels left.
You didn't know any spells.
Your spell library was empty.

Dungeon Overview and Level Annotations

Branches:
Dungeon (2/15)

Altars:

Shops:
D:1 (


Innate Abilities, Weirdness & Mutations

You have a pair of small antennae on your head.
You regenerate magic rapidly.


Message History

Okay, then.
You completely miss the ice beast. Xom's power flows through you!
You attempt to intoxicate your foes!
The ice beast hits you. The ice beast freezes you!
You are too injured to fight recklessly!
You hear Xom's avuncular chuckle.
The ice beast suddenly seems more resistant.
The ice beast hits you but does no damage.
The ice beast is no longer unusually resistant.
You hear Xom's avuncular chuckle.
The ice beast seems to slow down.
There is an open door here.
Xom's power touches on a nearby monster.
The ice beast evaporates and reforms as a killer bee!
Throw: 7 darts (curare)
Press: ? - help, Q - select action Shift-Dir - straight line, f - killer bee
Aim: a killer bee (26% to hit)
You throw a curare-tipped dart.
The curare-tipped dart misses the killer bee.
The killer bee stings you. x2
You are poisoned.
The killer bee poisons you!
Throw: 6 darts (curare)
Press: ? - help, Q - select action Shift-Dir - straight line, f/p - killer bee
Aim: a killer bee (26% to hit)
You throw a curare-tipped dart.
The curare-tipped dart barely misses the killer bee.
* * * LOW HITPOINT WARNING * * *
You feel very sick. The killer bee stings you!
* * * LOW HITPOINT WARNING * * *
You are more poisoned.
The killer bee poisons you! The killer bee closely misses you.
Unknown command.
It was a potion of might.
You feel very mighty all of a sudden.
Xom roars with laughter!
You die...
Xom giggles madly!

#........##...###.
#........#######..
####........# #....
#.......##+## #.#..
#.......##.# #.#..
#.(.....##.# # #..
#.......##.# #..
######.......##.#
#.#..
#.(..'..y@...'..#
#.#..
#.####.......####
#.... #.# #.......#
#.... #.# #.......#
### #.... #.#
#.......# #.# #....
#.# #########
#.#####...# #.#
#.......... #.#
#.#######.#
#####.##############.#
#......


You could see a killer bee.

Vanquished Creatures
  An adder (D:2)
  A worm (D:2)
  3 ball pythons (D:1)
  An endoplasm (D:2)
  2 giant cockroaches (D:2)
  5 goblins
  A hobgoblin (D:2)
  A frilled lizard (D:1)
  8 kobolds
  6 rats
29 creatures vanquished.

Notes
Turn   | Place    | Note
-------+----------+-------------------------------------------
     0 | D:1      | Froggeryz the Demonspawn Chaos Knight began the quest for
                  | the Orb.
     0 | D:1      | Reached XP level 1. HP: 18/18 MP: 1/1
   124 | D:1      | XOM: silly message
   339 | D:1      | Gained mutation: You regenerate magic rapidly. [demonic
                  | ancestry]
   339 | D:1      | Reached XP level 2. HP: 19/24 MP: 2/2
   481 | D:1      | XOM: silly message
   651 | D:1      | XOM: silly message
   656 | D:1      | XOM: silly message
   793 | D:1      | Found Olamn's Weapon Emporium.
   799 | D:1      | XOM: divination: detect creatures
  1070 | D:1      | Bought 7 curare-tipped darts for 46 gold pieces
  1075 | D:1      | XOM: cloud trail
  1089 | D:1      | XOM: silly message
  1160 | D:1      | XOM: silly message
  1237 | D:2      | Gained mutation: You have a pair of small antennae on your
                  | head. [demonic ancestry]
  1237 | D:2      | Reached XP level 3. HP: 19/29 MP: 3/3
  1478 | D:2      | Reached skill level 1 in Shields
  1682 | D:2      | Noticed an ice beast
  1687 | D:2      | XOM: cast spell 'Alistair's Intoxication'
  1694 | D:2      | XOM: enchant monster (bad)
  1739 | D:2      | XOM: enchant monster (good)
  1742 | D:2      | Noticed a killer bee
  1742 | D:2      | an ice beast changed into a killer bee
  1742 | D:2      | XOM: polymorph ice beast -> killer bee
  1745 | D:2      | HP: 1/29 [killer bee (7)]
  1746 | D:2      | Succumbed to a killer bee's poison

Illustrated notes

Levels and vault maps discovered:
D:1:      saegor_arrival_simple_d, layout_basic, serial_shops, shop
D:2:      layout_basic, kennysheep_minor_cross, minmay_cupped

Skill      XL: |  1  2  3 |
---------------+----------+-----
Maces & Flails | 3 |  3.8
Shields        | 1 |  1.0
Fighting       | |  3.0
Armour         | |  1.7
Dodging        | |  0.8

Action                   || total
-------------------------++-------
Melee: Mace              ||    66
Throw: Dart              ||     2
  Use: Potion            ||     1
Armor: Leather armour    ||    24
Dodge: Dodged            ||    33
Block: Buckler           ||     1

Table legend: (Time is in decaauts)
 A = Elapsed time spent in this place.
 B = Non-inter-level travel time spent in this place.
 C = Inter-level travel time spent in this place.
 D = Time resting spent in this place.
 E = Time spent auto-exploring this place.
 F = Levels seen in this place.
 G = Mean time per level.
                   A        B        C        D        E       F      G
               +--------+--------+--------+--------+--------+-----+--------+
         Total |   1764 |   1591 |    173 |      0 |   1316 |   2 |  882.0 |
       Dungeon |   1764 |   1591 |    173 |      0 |   1316 |   2 |  882.0 |
               +--------+--------+--------+--------+--------+-----+--------+

Top non-repeatable levels by time:
     D:1: 1087 daAuts
     D:2: 676 daAuts
